Map: Pillars of Gold LE

Players

ShoWTimE - Winner!

  • Race: Protoss Protoss
  • Spawn Location: 7:00

Arctur

  • Race: Terran Terran
  • Spawn Location: 1:00

Event: DreamHack SC2 Masters 2020 Summer Europe

VOD

Have the link to the VOD?

Description

Time

  • Played on: July 5, 2020, 12:42 p.m.
  • Length: 12:47

All games in this series

Show
View Real Time Build Order
Export as new Build Order

ShoWTimE Protoss - Winner!

Build Orders: 1 Gate Expand, Archon Immortal, Blink Stalkers 

Get SALT Encoding   

  12  0:00  Probe  
  13  0:13  Probe  
  14  0:18  Pylon  
  14  0:24  Probe  
  15  0:32  Probe  
  15  0:38  Gateway  
  15  0:40  Probe  
  16  0:47  Assimilator  
  17  0:51  Probe  
  18  1:03  Probe  
  19  1:15  Probe  
  20  1:25  Cybernetics Core  
  20  1:35  Nexus  
  20  1:38  Probe  
  21  1:45  Pylon  
  21  1:50  Probe  
  21  1:53  Adept, Assimilator  
  22  2:02  Probe  
  22  2:07  Warp Gate  
  25  2:14  Stalker, Probe  
  26  2:26  Probe  
  29  2:38  Probe  
  29  2:40  Twilight Council  
  29  2:43  Probe  
  30  2:49  Stalker, Blink  
  30  2:50  Probe  
  34  2:51  Probe  
  35  3:01  Probe  
  35  3:03  Probe  
  37  3:08  Gateway  
  37  3:13  Probe  
  37  3:15  Probe  
  39  3:26  Probe  
  40  3:27  Pylon  
  40  3:29  Probe  
  41  3:34  Robotics Facility  
  41  3:38  Probe  
  42  3:44  Probe  
  43  3:50  Probe  
  43  3:55  Sentry  
  46  3:56  Probe  
  46  4:00  Nexus  
  47  4:05  Phoenix  
  47  4:07  Probe, Pylon  
  47  4:09  Probe  
  49  4:14  Stalker  
  51  4:18  Assimilator  
  51  4:19  Probe  
  51  4:21  Observer, Probe  
  54  4:27  Pylon  
  54  4:29  Stalker  
  56  4:32  Probe  
  56  4:36  Pylon  
  56  4:37  Probe  
  58  4:39  Stalker  
  58  4:44  Observer, Probe  
  62  4:49  Probe  
  62  4:52  Gateway  
  63  4:55  Gateway  
  63  4:57  Probe  
  64  5:01  Charge, Probe  
  65  5:09  Stalker x2  
  65  5:12  Probe x2  
  71  5:17  Immortal  
  71  5:21  Gateway  
  71  5:24  Gateway  
  75  5:37  Gateway  
  75  5:38  Gateway  
  75  5:47  Shield Battery  
  75  5:52  Zealot x4  
  83  5:58  Pylon  
  82  6:15  Zealot x3  
  78  6:20  Immortal  
  78  6:22  Observer  
  82  6:32  Zealot x3  
  88  6:34  Pylon, Probe x3  
  88  6:36  Forge  
  89  6:45  Probe  
  90  6:48  Sentry x2  
  90  6:50  Probe x2  
  90  6:52  Sentry  
  90  6:53  Warp Prism, Probe  
  98  6:57  Pylon  
  98  6:58  Protoss Ground Armor Level 1, Probe x2  
  98  7:01  Probe  
  101  7:05  Phoenix, Pylon  
  101  7:07  Probe  
  101  7:08  Probe  
  104  7:09  Pylon  
  104  7:12  Probe  
  107  7:16  Zealot x2  
  107  7:19  Probe  
  107  7:20  Probe  
  113  7:26  Templar Archives  
  113  7:27  Assimilator, Probe  
  114  7:30  Observer  
  114  7:31  Assimilator  
  114  7:32  Probe x2  
  114  7:34  Observer, Zealot x2  
  114  7:36  Pylon  
  121  7:41  Zealot x3  
  125  7:46  Zealot x2  
  127  7:59  Zealot  
  127  8:01  Zealot x4  
  128  8:12  Pylon  
  128  8:13  Pylon  
  128  8:14  Photon Cannon  
  128  8:15  Pylon  
  126  8:22  Pylon  
  124  8:30  Immortal  
  124  8:31  Zealot x3  
  124  8:32  Zealot x5  
  132  8:39  Probe  
  132  8:40  Probe x2  
  119  8:43  Assimilator  
  105  8:50  Protoss Ground Weapons Level 1  
  105  8:53  High Templar x4  
  103  8:57  Immortal, Zealot x4  
  111  9:25  High Templar x4, Zealot x3  
  111  9:26  Zealot  
  111  9:29  Archon  
  111  9:30  Archon  
  127  9:33  Pylon  
  127  9:34  Immortal  
  127  9:35  Photon Cannon  
  127  9:36  Shield Battery  
  131  9:44  Nexus  
  131  9:50  High Templar x2, Zealot x2  
  139  9:54  Archon  
  139  9:59  Pylon  
  139  10:00  Zealot x2  
  139  10:01  Sentry x2  
  147  10:07  Forge  
  145  10:15  Zealot x2  
  145  10:18  Observer  
  150  10:24  Zealot x3  
  150  10:25  Zealot x2  
  160  10:32  Zealot  
  152  10:36  Psionic Storm, Zealot x2  
  142  10:43  Archon  
  142  10:44  Zealot  
  142  10:47  Zealot x4  
  142  10:54  Zealot  
  142  10:59  High Templar x2  
  144  11:06  Probe x3  
  144  11:11  Observer, High Templar x2  
  149  11:12  Probe  
  149  11:18  Probe x3  
  153  11:21  Photon Cannon  
  153  11:22  Shield Battery  
  153  11:23  Stalker  
  155  11:30  High Templar x2, Zealot  
  155  11:32  Observer  
  161  11:35  Archon  
  161  11:36  Zealot x2  
  165  11:43  Immortal  
  165  11:45  High Templar  
  165  11:46  Zealot  
  173  11:50  Zealot  
  173  11:52  Pylon  
  175  11:57  Zealot x3  
  175  11:58  Dark Shrine  
  181  12:02  Stalker  
  181  12:03  Stalker  
  185  12:12  Stalker x2  
  189  12:16  Nexus  
  185  12:33  Archon  
  185  12:34  Archon  
  185  12:35  Zealot x7  
  185  12:36  Zealot  
Show
View Real Time Build Order
Export as new Build Order

Arctur Terran 

Build Orders:  

Get SALT Encoding   

  12  0:00  SCV  
  13  0:12  SCV  
  14  0:18  Supply Depot  
  14  0:25  SCV  
  15  0:39  SCV  
  15  0:41  Barracks  
  16  0:44  Refinery  
  16  0:51  SCV  
  17  1:03  SCV  
  18  1:16  SCV  
  19  1:28  Orbital Command, Marine  
  20  1:48  Command Center  
  20  1:49  Barracks Reactor  
  20  1:54  SCV  
  20  1:59  Supply Depot  
  21  2:06  SCV  
  22  2:12  Factory  
  22  2:17  Refinery  
  22  2:18  SCV  
  23  2:25  Marine x2  
  25  2:30  SCV  
  26  2:42  SCV  
  26  2:43  Reaper, Marine  
  29  2:55  SCV  
  29  2:56  Starport  
  30  3:00  Widow Mine  
  30  3:01  Orbital Command  
  30  3:02  Marine  
  33  3:07  SCV  
  34  3:15  Marine  
  34  3:19  SCV  
  36  3:20  Marine  
  36  3:25  Widow Mine  
  36  3:26  SCV  
  40  3:32  SCV  
  40  3:33  Medivac  
  43  3:37  Supply Depot  
  43  3:38  SCV  
  43  3:41  Marine x2  
  45  3:44  SCV  
  45  3:48  Barracks  
  46  3:49  Factory Tech Lab  
  46  3:59  SCV x2  
  49  4:03  Supply Depot  
  49  4:11  SCV x2  
  49  4:12  Starport Tech Lab  
  49  4:15  Siege Tank  
  53  4:20  Marine  
  54  4:28  Refinery, Engineering Bay  
  54  4:30  Marine, SCV x2  
  57  4:32  Supply Depot  
  57  4:34  Bunker  
  57  4:37  Barracks  
  57  4:41  Stimpack  
  57  4:42  SCV  
  57  4:45  SCV  
  59  4:47  Marine  
  59  4:48  Marauder  
  59  4:50  Starport Reactor  
  62  4:54  SCV  
  62  4:55  Marine  
  62  4:57  SCV  
  62  4:59  Terran Infantry Weapons Level 1  
  65  5:00  Factory Reactor  
  65  5:01  Supply Depot  
  65  5:06  SCV  
  66  5:09  Marauder  
  66  5:10  SCV  
  66  5:11  Marine  
  70  5:16  Refinery  
  70  5:18  Supply Depot  
  70  5:22  Marine  
  70  5:23  Supply Depot, SCV x2  
  70  5:27  Medivac  
  75  5:29  Marine, Medivac  
  75  5:34  Combat Shield  
  78  5:40  Marauder x2, Marine  
  83  5:44  Supply Depot  
  83  5:45  Supply Depot  
  83  5:46  Marine  
  82  5:58  Marine, Medivac  
  82  6:01  Marine  
  82  6:02  Marauder  
  88  6:04  Marine  
  88  6:16  Marine  
  82  6:20  Marauder, Command Center  
  82  6:22  Marine  
  82  6:23  Marauder  
  82  6:25  Medivac  
  80  6:28  SCV x2  
  82  6:32  Concussive Shells  
  82  6:34  Marine  
  82  6:35  Barracks  
  82  6:36  Barracks  
  82  6:39  Widow Mine x2  
  87  6:40  Marine x2  
  87  6:44  Supply Depot  
  87  6:48  Marauder  
  87  6:52  Marine, SCV  
  87  6:53  Terran Infantry Armor Level 1  
  89  6:54  SCV  
  89  6:58  Marine  
  89  7:01  Widow Mine x2  
  95  7:04  Supply Depot  
  95  7:06  Marauder  
  95  7:07  Supply Depot, SCV  
  97  7:10  Marauder  
  97  7:11  SCV  
  100  7:16  Marine  
  100  7:19  SCV  
  102  7:24  SCV  
  102  7:27  Widow Mine  
  102  7:28  Marauder, Widow Mine, Barracks Reactor, Barracks Tech Lab  
  109  7:31  SCV  
  109  7:36  Orbital Command  
  109  7:37  SCV  
  111  7:43  SCV  
  111  7:48  Marine  
  111  7:49  Marine x2, Widow Mine x2  
  111  7:51  Marine x2  
  120  8:06  Marine x2  
  120  8:07  Marine x2, SCV x2  
  120  8:08  Marauder  
  120  8:09  Marauder, Marine  
  124  8:13  SCV  
  124  8:19  SCV  
  116  8:21  SCV  
  116  8:24  Marine x2  
  116  8:25  Marine x2, SCV  
  117  8:27  Marauder  
  117  8:29  Marauder  
  117  8:30  Marine  
  113  8:36  SCV  
  113  8:40  Widow Mine x2  
  100  8:42  Marine x2  
  100  8:43  Marine x2  
  98  8:48  Marauder  
  98  8:50  Marauder  
  98  8:52  SCV  
  98  8:53  SCV  
  92  8:58  SCV  
  92  9:00  Marine x2  
  92  9:01  Marine x2  
  97  9:06  Marauder  
  97  9:09  Marine  
  98  9:10  SCV  
  98  9:11  Marine, SCV x2  
  102  9:17  Marine x2  
  102  9:20  Viking  
  102  9:22  SCV  
  102  9:23  SCV  
  107  9:25  Marine x2  
  107  9:28  Marauder x2  
  107  9:30  Widow Mine x2  
  107  9:31  SCV  
  118  9:36  SCV  
  118  9:37  SCV  
  120  9:39  Marine  
  120  9:40  Marauder, Marine  
  120  9:43  SCV  
  125  9:47  Marine x2  
  125  9:49  Marauder  
  125  9:50  Supply Depot  
  129  9:53  Ghost Academy, SCV  
  129  9:54  SCV  
  129  9:55  Marine, SCV  
  129  9:58  Widow Mine x2  
  137  10:03  Marauder, Marine  
  140  10:08  Medivac  
  140  10:09  Supply Depot  
  140  10:12  Supply Depot  
  142  10:18  Marine  
  142  10:19  Marauder  
  142  10:20  Marauder, Marine  
  145  10:21  Marine  
  145  10:25  Marauder, Marine  
  129  10:36  Marine  
  129  10:37  Widow Mine x2  
  129  10:38  Orbital Command, Marine  
  129  10:40  Marauder  
  129  10:42  Marauder  
  135  10:44  Marine  
  135  10:46  Marauder  
  126  10:50  Marine  
  126  10:56  Marine  
  111  11:02  Marauder, Marine  
  111  11:03  Marauder  
  111  11:07  Marauder  
  111  11:08  Medivac  
  104  11:18  Marine x3  
  104  11:21  Medivac  
  104  11:23  Marauder  
  104  11:24  Marauder  
  113  11:28  Marine  
  113  11:29  Marauder  
  114  11:34  Supply Depot  
  114  11:36  Marine, Widow Mine  
  114  11:37  Widow Mine  
  119  11:42  Marine x2  
  119  11:44  Marauder  
  119  11:46  Marauder  
  125  11:52  Marine x2  
  127  11:56  Supply Depot  
  127  11:57  Marine  
  127  11:59  Medivac x2  
  132  12:05  Widow Mine x2, Ghost  
  132  12:06  Ghost  
  140  12:08  Marine  
  140  12:09  Marine, Ghost  
  144  12:17  Supply Depot  
  144  12:19  Armory  
  144  12:20  Engineering Bay  
  144  12:21  Marine x2  
  146  12:26  Marine x2  
Tags
 
Add a new tag
Caveats
  • Supply blocks, unpowered buildings, or Contaminate may cause inaccurate times.
  • Supply counts are checked every 10 seconds.